 Dungeon Crawl Stone Soup version 0.19.4-8-ga85b6b9 (webtiles) character file.

1504 Jerry the Cleaver (level 8, -18/73 HPs)
             Began as a Hill Orc Fighter on Feb 12, 2017.
             Demolished by an ogre
             ... wielding a +0 giant club
              (22 damage)
             ... on level 6 of the Dungeon.
             The game lasted 00:15:41 (4700 turns).

Jerry the Cleaver (Hill Orc Fighter)                Turns: 4700, Time: 00:15:42

Health: -18/73     AC:  9    Str: 20    XL:     8   Next: 82%
Magic:  8/8        EV: 11    Int: 11    God:
Gold:   429        SH:  4    Dex: 10    Spells: 0 memorised, 7 levels left

rFire  . . .     SeeInvis .     a - +0 war axe
rCold  . . .     Gourm    .     b - +0 scale mail
rNeg   . . .     Faith    .     (no shield)
rPois  .         Spirit   .     (no helmet)
rElec  .         Reflect  +     (no cloak)
rCorr  .         Harm     .     (no gloves)
MR     .....                    o - +0 pair of boots
Stlth  ..........               m - +4 amulet of reflection
                                (no ring)
                                s - +2 ring of intelligence

@: lethally poisoned (-18 -> -19), slowed, very slow
A: no striking features
a: no special abilities


You were on level 6 of the Dungeon.
You were not hungry.

You visited 1 branch of the dungeon, and saw 6 of its levels.

You collected 429 gold pieces.

Inventory:

Hand Weapons
 a - a +0 war axe (weapon)
Armour
 b - a +0 scale mail (worn)
 c - a +0 shield
 o - a +0 pair of boots (worn)
Jewellery
 m - a +4 amulet of reflection (around neck)
 s - a +2 ring of intelligence (left hand)
Wands
 q - a wand of disintegration (17/24)
 u - a wand of digging (12/24)
Scrolls
 e - 3 scrolls of identify
 g - a scroll of magic mapping
 h - 2 scrolls of enchant weapon {unknown}
 j - 2 scrolls of random uselessness {unknown}
 k - 3 scrolls of remove curse {unknown}
 l - a scroll of fear {unknown}
 n - a scroll of amnesia {unknown}
 r - a scroll of blinking {unknown}
 t - 4 scrolls of teleportation {unknown}
Potions
 p - 2 potions of flight
 x - 2 potions of invisibility {unknown}
 z - a potion of curing {unknown}
Comestibles
 f - 2 bread rations
 i - 2 meat rations
 v - 2 fruits


   Skills:
 + Level 7.0 Fighting
 * Level 9.6 Axes
 + Level 6.3 Armour
 - Level 2.8 Dodging
 - Level 3.2 Shields


You had 7 spell levels left.
You didn't know any spells.

Dungeon Overview and Level Annotations

Branches:
Dungeon (6/15)
 Temple: D:4-7

Altars:
Ashenzari
Cheibriados
Fedhas
Hepliaklqana
Nemelex Xobeh
Qazlal
Trog
Xom


Message History

The orc hits you but does no damage.
The orc wizard mumbles some strange words.
The orc wizard blinks!
You are too injured to fight recklessly!
You are too injured to fight recklessly!
Okay, then.
Okay, then.
As you read the scroll labeled PEOWNY XEISETT, it crumbles to dust.
You hear a loud clanging noise!
It was a scroll of noise.
You feel sick.
You hear an angry hiss. x3
The orc warrior hits you from afar with a glaive!
* * * LOW HITPOINT WARNING * * *
The ogre barely misses you. You block the orc's attack.
As you read the scroll labeled WAZODO HUSHRIA, it crumbles to dust.
You feel aware of your surroundings.
You sensed 3 altars, and 1 shop/portal.
It was a scroll of magic mapping.
The orc barely misses you. The orc warrior barely misses you.
The orc closely misses you. The ogre hits you with a giant club!!
You die...

* *,,,,,,*,,,,,,,,,, *
*******,,,,,,*,,,,,,,,,, *
*,,,,,,,,,,,**,,,,,,,_,, *
*,**##*****,**.,,,,,,,,, * *,*
#.,,,,,,,..,,,,,**** * *,*
#.######.##***,,* *
##.###....o.....,**,,* *
#.....†...o.....,**,,**** *
*****#.....†.@Oo.....,**,,,,,, *
*,,,,#........o......,,,,****, *
*,,,,#..$.....#####.#**,,,,<,, #
*,,,,#........#**,,,,,*,,**,*,
#***,,,,...######.,,,,,,,*,,,*,*,
#*,,,,,,##** *..,,,,,,,,,,*,*,
#*,*,*,,* *..,,,,,,**,,*,,,
.,,,_,,,* *###,,,,,,,,,,,,,
#,,*,*,,****************,*,,,,***


You could see an orc warrior, an ogre, an orc wizard and 2 orcs.

Vanquished Creatures
  Sigmund (D:3)
  Eustachio (D:4)
  Menkaure (D:4)
  An ice beast (D:5)
  A phantom (D:4)
  3 ogres
  A centaur (D:5)
  5 crimson imps
  4 hounds
  A jelly (D:6)
  A bullfrog skeleton (D:4)
  4 worker ants
  Robin (D:4)
  2 adders
  A shadow imp (D:5)
  An ooze (D:2)
  2 adder skeletons
  3 dart slugs
  5 leopard geckos
  3 orcs
  A ball python (D:5)
  9 bats
  5 giant cockroaches
  13 goblins
  9 hobgoblins
  3 jackals (D:2)
  6 kobolds
  A quokka (D:5)
  10 frilled lizards
  A jackal skeleton (D:5)
  A quokka skeleton (D:4)
  8 rats
109 creatures vanquished.

Notes
Turn   | Place    | Note
-------+----------+-------------------------------------------
     0 | D:1      | Jerry the Hill Orc Fighter began the quest for the Orb.
     0 | D:1      | Reached XP level 1. HP: 19/19 MP: 1/1
    86 | D:1      | Reached skill level 3 in Axes
   278 | D:1      | Reached XP level 2. HP: 27/27 MP: 2/2
   890 | D:2      | Reached XP level 3. HP: 33/33 MP: 3/3
  1054 | D:2      | Reached skill level 4 in Axes
  1293 | D:3      | Found a shimmering altar of Xom.
  1331 | D:3      | Reached XP level 4. HP: 29/40 MP: 4/4
  1471 | D:3      | Reached skill level 1 in Dodging
  1799 | D:3      | Found a snail-covered altar of Cheibriados.
  1803 | D:3      | Reached XP level 5. HP: 32/47 MP: 5/5
  1824 | D:3      | Reached skill level 5 in Axes
  1860 | D:3      | Noticed Sigmund
  1914 | D:3      | Found a stormy altar of Qazlal.
  1916 | D:3      | Noticed a water elemental
  1916 | D:3      | Noticed an air elemental
  1916 | D:3      | Noticed a fire elemental
  1951 | D:3      | Killed Sigmund
  1951 | D:3      | Reached skill level 6 in Axes
  1951 | D:3      | Reached XP level 6. HP: 47/55 MP: 6/6
  2113 | D:3      | Found a sparkling altar of Nemelex Xobeh.
  2113 | D:3      | Found a shattered altar of Ashenzari.
  2201 | D:4      | Found a hazy altar of Hepliaklqana.
  2201 | D:4      | Noticed Eustachio
  2201 | D:4      | Noticed a phantom
  2252 | D:4      | Noticed Menkaure
  2252 | D:4      | Noticed Robin
  2313 | D:4      | Killed Menkaure
  2313 | D:4      | Reached skill level 5 in Fighting
  2313 | D:4      | Reached XP level 7. HP: 61/61 MP: 7/7
  2315 | D:4      | Killed Robin
  2344 | D:4      | Reached skill level 5 in Armour
  2357 | D:4      | Reached skill level 7 in Axes
  2534 | D:4      | HP: 1/61 [river rat[Eustachio] (7)]
  2544 | D:4      | Killed Eustachio
  2790 | D:4      | HP: 1/61 [ogre/giant spiked club (6)]
  3179 | D:4      | Reached XP level 8. HP: 67/70 MP: 8/8
  3267 | D:4      | Reached skill level 8 in Axes
  3719 | D:5      | Entered Level 5 of the Dungeon
  4069 | D:5      | Found a bloodstained altar of Trog.
  4215 | D:5      | Found a blossoming altar of Fedhas.
  4237 | D:5      | Reached skill level 9 in Axes
  4699 | D:6      | HP: 3/73 [orc warrior/glaive (9)]
  4700 | D:6      | Demolished by an ogre

Skill      XL: |  1  2  3  4  5  6  7  8 |
---------------+-------------------------+-----
Axes           | 3 4 6 7 9 |  9.6
Fighting       | 4 5 7 |  7.0
Armour         | 4 5 6 |  6.3
Dodging        | 1 2 |  2.8
Shields        | |  3.2

Action                   |  1- 3 |  4- 6 |  7- 9 || total
-------------------------+-------+-------+-------++-------
Melee: War axe           |    74 |    75 |   214 ||   363
  Use: Scroll            |     1 |     2 |     2 ||     5
       Potion            |       |     2 |     1 ||     3
  Eat: Chunk             |     1 |     4 |     8 ||    13
Armor: Scale mail        |    41 |    42 |    82 ||   165
Dodge: Dodged            |    37 |    44 |   124 ||   205
Block: Other             |     2 |    20 |    38 ||    60
       Reflection        |       |     2 |     1 ||     3
